 Dungeon Crawl Stone Soup version 0.30.0-5-g1a98f26d00 (webtiles) character file.

Game seed: 5583983046479365719

2016 Pimp the Trooper (level 9, -3/105 HPs)
             Began as a Hill Orc Fighter on May 8, 2023.
             Was a Follower of Cheibriados.
             Slain by a two-headed ogre
             ... wielding a +0 giant club
              (8 damage)
             ... on level 7 of the Dungeon.
             The game lasted 00:14:36 (5825 turns).

Pimp the Trooper (Hill Orc Fighter)                 Turns: 5825, Time: 00:14:37

Health: -3/105     AC: 19    Str: 22    XL:     9   Next: 22%
Magic:  22/22      EV: 10    Int: 15    God:    Cheibriados [*.....]
Gold:   429        SH:  5    Dex: 13    Spells: 13/14 levels left

rFire   . . .        u - +3 trident "Bilips" {venom, rPois}
rCold   . . .        c - +0 buckler
rNeg    . . .        y - +4 ring mail
rPois   +            (no helmet)
rElec   .            i - +1 cloak {rPois}
rCorr   .            o - +2 pair of gloves
SInv    .            (no boots)
Will    +....        m - amulet of the acrobat Stlth
                     e - +4 ring of protection
HPRegen 0.37/turn    j - ring of magical power
MPRegen 0.18/turn

%: acrobat
@: berserking, very slow
A: frail 1, strong-willed 1, screaming 1
a: Renounce Religion, Bend Time


You were on level 7 of the Dungeon.
You worshipped Cheibriados.
Cheibriados was aware of your devotion.
You visited 2 branches of the dungeon, and saw 8 of its levels.

You collected 429 gold pieces.

Inventory:

Hand Weapons
 a - a +1 war axe
 u - the +3 trident "Bilips" (weapon) {venom, rPois}
   (You found it on level 4 of the Dungeon)

   rPois:     It protects you from poison.
Armour
 b - a +0 scale mail
 c - a +0 buckler (worn)
 i - a +1 cloak of poison resistance (worn)
 o - a +2 pair of gloves (worn)
 q - a +0 pair of boots
 y - a +4 ring mail (worn)
Magical Staves
 k - the staff of poison "Aniafux" {rPois rF+ Dex+2 Stlth+}
   (You found it on level 4 of the Dungeon)

   [staff of poison]

   Base accuracy: +5 Base damage: 5 Base attack delay: 1.2 This weapon's minimum
   attack delay (0.6) is reached at skill level 12.
   Dex:       It affects your dexterity (+2).
   rF:        It protects you from fire.
   rPois:     It protects you from poison.
   Stlth:     It makes you more stealthy.
   It falls into the 'Staves' category.
   It is a one-handed weapon.
Jewellery
 e - a +4 ring of protection (left hand)
 j - a ring of magical power (right hand)
 m - an amulet of the acrobat (around neck)
 v - a ring of willpower
Wands
 l - a wand of flame (10)
 r - a wand of quicksilver (10)
Scrolls
 h - a scroll of amnesia
 t - a scroll of identify
 z - 2 scrolls of enchant armour
Potions
 d - 2 potions of might
 f - 5 potions of flight
 n - 3 potions of curing
 p - a potion of berserk rage
 s - 2 potions of haste {unknown}
 x - 2 potions of lignification
 A - a potion of attraction {unknown}
 B - a potion of brilliance {unknown}
 C - a potion of cancellation {unknown}


   Skills:
 + Level 6.9 Fighting
 - Level 5.2(6.0) Axes
 + Level 3.6(4.6) Polearms
 + Level 6.2 Armour
 + Level 6.2 Shields
 + Level 3.2 Spellcasting
 + Level 4.0 Poison Magic


You had 13 spell levels left.
You knew the following spells:

 Your Spells              Type           Power      Damage    Failure   Level
a - Sting                 Tmut/Pois      32%        1d4       16%         1

Your spell library contained the following spells:

 Spells                   Type           Power      Damage    Failure   Level
 Poisonous Vapours        Pois/Air       16%        N/A       24%         2
 Freeze                   Ice            8%         1d3       36%         1
 Sublimation of Blood     Necr           2%         N/A       50%         2
 Olgreb's Toxic Radiance  Pois           14%        N/A       56%         4
 Frozen Ramparts          Ice            4%         1d1       73%         3
 Hailstorm                Conj/Ice       2%         3d3       73%         3
 Petrify                  Tmut/Erth      2%         N/A       98%         4
 Irradiate                Conj/Tmut      1%         3d12      100%        5


Dungeon Overview and Level Annotations

Branches:
Dungeon (7/15)             Temple (1/1) D:5

Altars:
Ashenzari
Cheibriados
Dithmenos
Elyvilon
Fedhas
Gozag
Kikubaaqudgha
Makhleb
Nemelex Xobeh
Okawaru
Ru
Sif Muna
Trog
Uskayaw
Vehumet
Wu Jian
Xom
Zin
The Shining One

Shops:
D:1 !

Annotations:
D:7 Maggie


Innate Abilities, Weirdness & Mutations

You are frail. (-10% HP)
You are strong-willed. (Will+)
You occasionally shout uncontrollably at your foes.


Message History

The bolt of fire hits you!
The two-headed ogre hits you with a +0 giant club!
* * * LOW HITPOINT WARNING * * *
The two-headed ogre hits you but does no damage.
You hit Maggie.
Maggie is almost dead.
The killer bee stings you but does no damage.
The killer bee stings you.
* * * LOW HITPOINT WARNING * * *
You block Maggie's attack.
Unknown command.
You closely miss Maggie.
Maggie is almost dead.
You break out of your daze.
The killer bee barely misses you.
The two-headed ogre hits you with a +0 giant club!
* * * LOW HITPOINT WARNING * * *
The two-headed ogre hits you with a +0 giant club.
* * * LOW HITPOINT WARNING * * *
The killer bee barely misses you. Maggie hits you but does no damage.
You feel much better.
The killer bee stings you but does no damage.
The killer bee barely misses you.
Maggie points at you and mumbles some strange words.
The bolt of fire hits you!!
* * * LOW HITPOINT WARNING * * *
The two-headed ogre hits you with a +0 giant club.
* * * LOW HITPOINT WARNING * * *
You block the two-headed ogre's attack.
A red film seems to cover your vision as you go berserk!
Cheibriados forces you to slow down.
You feel mighty! You block the killer bee's attack.
The killer bee stings you but does no damage.
Maggie barely misses you.
You hit Maggie but do no damage.
Maggie is almost dead.
The killer bee stings you but does no damage.
The two-headed ogre hits you but does no damage.
The two-headed ogre hits you with a +0 giant club!
You die...

## .h .# #.# o#
##.o ...#####..
##.....oy####
.......Fyy@O######
######.###@h....#
#....####....
####O..# .. ###..#
..


You could see Maggie (poisoned), a two-headed ogre, a black bear, a bullfrog, 3
killer bees and an orc.

Vanquished Creatures
  Grinder (D:5)
  Sigmund (D:4)
  A wyvern (D:7)
  Edmund (D:5)
  A water moccasin (D:5)
  A black bear (D:7)
  An ogre (D:5)
  2 phantoms
  2 scorpions
  A killer bee (D:6)
  A howler monkey (D:6)
  A crimson imp (D:3)
  An orc priest (D:5)
  7 hounds
  3 jellies
  Jessica (D:2)
  Crazy Yiuf (D:4)
  3 iguanas (D:5)
  2 orc wizards
  Robin (D:3)
  6 gnolls
  7 adders
  A shadow imp (D:6)
  A worm (D:4)
  6 dart slugs
  9 orcs
  5 ball pythons
  3 bats
  4 endoplasms
  A giant cockroach (D:4)
  14 goblins
  7 hobgoblins
  5 jackals
  3 quokkas
  5 frilled lizards
  2 goblin skeletons (D:3)
  5 hobgoblin zombies (D:3)
  11 kobolds
  A kobold zombie (D:3)
  An orc skeleton (D:3)
  3 rats (D:3)
133 creatures vanquished.

Notes
Turn   | Place    | Note
-------+----------+-------------------------------------------
     0 | D:1      | Pimp the Hill Orc Fighter began the quest for the Orb.
     0 | D:1      | Reached XP level 1. HP: 19/19 MP: 1/1
   151 | D:1      | Reached XP level 2. HP: 27/27 MP: 2/2
   220 | D:1      | Found Zinak's Distillery.
   694 | D:1      | Found a faded altar of an unknown god.
   827 | D:2      | Reached XP level 3. HP: 33/33 MP: 3/3
  1019 | D:2      | Noticed Jessica
  1023 | D:2      | Killed Jessica
  1024 | D:2      | Reached XP level 4. HP: 40/40 MP: 4/4
  1091 | D:2      | Learned a level 1 spell: Sting
  1299 | D:2      | Reached XP level 5. HP: 47/47 MP: 5/5
  1610 | D:3      | Found an iron altar of Okawaru.
  1627 | D:3      | Noticed Robin
  1637 | D:3      | Killed Robin
  1693 | D:3      | Found a hide-covered altar of Uskayaw.
  1868 | D:3      | Found a glowing golden altar of the Shining One.
  1950 | D:3      | Reached skill level 1 in Poison Magic
  1997 | D:3      | Reached skill level 1 in Spellcasting
  2090 | D:3      | Reached XP level 6. HP: 45/53 MP: 7/7
  2180 | D:3      | Found a sacrificial altar of Ru.
  2517 | D:4      | Found a burning altar of Makhleb.
  2517 | D:4      | Noticed a cacodemon
  2536 | D:4      | Noticed a hellwing
  2536 | D:4      | Noticed a smoke demon
  2546 | D:4      | Noticed Sigmund
  2587 | D:4      | Killed Sigmund
  2588 | D:4      | Reached skill level 5 in Fighting
  2588 | D:4      | Reached XP level 7. HP: 56/61 MP: 9/9
  2917 | D:4      | Reached skill level 5 in Axes
  2945 | D:4      | Found a bloodstained altar of Trog.
  2961 | D:4      | Identified the staff of poison "Aniafux" {rPois rF+ Dex+2
                  | Stlth+}
  3180 | D:4      | Found a glowing silver altar of Zin.
  3214 | D:4      | Identified the +3 trident "Bilips" {venom, rPois}
  3650 | D:4      | Found a runed translucent door.
  3651 | D:4      | Noticed Crazy Yiuf
  3660 | D:4      | Gained mutation: You are strong-willed. (Will+) [potion of
                  | mutation]
  3660 | D:4      | Gained mutation: You have hidden genetic defects. [potion
                  | of mutation]
  3669 | D:4      | Killed Crazy Yiuf
  3736 | D:5      | Entered Level 5 of the Dungeon
  3746 | D:5      | Noticed Edmund
  3760 | D:5      | Killed Edmund
  3761 | D:5      | Reached skill level 5 in Armour
  3761 | D:5      | Reached skill level 5 in Shields
  3771 | D:5      | Reached skill level 1 in Polearms
  3783 | D:5      | Gained mutation: You are frail. (-10% HP) [hidden defects]
  3818 | D:5      | Found a staircase to the Ecumenical Temple.
  3832 | Temple   | Entered the Ecumenical Temple
  3905 | Temple   | Became a worshipper of Cheibriados the Contemplative
  3978 | D:5      | Reached XP level 8. HP: 63/63 MP: 11/11
  4062 | D:5      | Gained mutation: You occasionally shout uncontrollably at
                  | your foes. [hidden defects]
  4062 | D:5      | Lost mutation: You have hidden genetic defects. [hidden
                  | defects expressed]
  4167 | D:5      | Found an opulent altar of Gozag.
  4693 | D:5      | Identified the +3 dagger of Descent {vamp, +Blink}
  4822 | D:5      | Reached * piety under Cheibriados
  4867 | D:5      | Noticed Grinder
  4873 | D:5      | Killed Grinder
  5246 | D:6      | Found an ornate altar of the Wu Jian Council.
  5431 | D:6      | Found a shimmering blue altar of Sif Muna.
  5478 | D:6      | Reached XP level 9. HP: 64/70 MP: 13/13
  5752 | D:7      | Noticed a two-headed ogre
  5808 | D:7      | Noticed Maggie
  5822 | D:7      | HP: 1/70 [two-headed ogre/+0 giant club (4)]
  5825 | D:7      | Slain by a two-headed ogre

Illustrated notes

Levels and vault maps discovered:
D:1:      lemuel_arrival_broad_hall, layout_loops_ring,
          hellmonk_ecumenical_altar_prayer_group, serial_shops, shop,
          minmay_ruptured
D:2:      layout_basic, uniq_jessica
D:3:      layout_basic, nicolae_tso_besieged_by_evil,
          nicolae_ru_great_annihilating_truth,
          mainiacjoe_overflow_catch_the_wave, minmay_box_of_dots, uniq_robin
D:4:      layout_basic, lemuel_tele_altar, makhleb_altar_promises_db,
          mainiacjoe_overflow_alcove_2, uniq_crazy_yiuf_cottage, uniq_sigmund
D:5:      layout_layer_cave, mainiacjoe_overflow_surrounded_room,
          minmay_temple_entry_ruins, nicolae_ossuary_entry_false_entrances,
          grunt_decor_fettered, uniq_grinder, uniq_edmund
D:6:      layout_rooms, overflow_temple_1_default, led_sif_pool,
          minmay_tree_intersection
D:7:      layout_rooms, mainiacjoe_overflow_six_doors_small,
          mainiacjoe_overflow_paths, uniq_maggie
Temple:   chequers_temple_sunken

Skill      XL: |  1  2  3  4  5  6  7  8  9 |
---------------+----------------------------+-----
Axes           | 3 4 5 |  5.2
Fighting       | 4 5 6 |  6.9
Armour         | 4 5 6 |  6.2
Shields        | 4 5 6 |  6.2
Poison Magic   | 1 2 3 4 |  4.0
Spellcasting   | 1 2 3 |  3.2
Polearms       | 1 3 |  3.6

Action                     |  1- 3 |  4- 6 |  7- 9 || total
---------------------------+-------+-------+-------++-------
  Melee: War axe           |    57 |   182 |    46 ||   285
         Trident           |       |       |   188 ||   188
    Use: Scroll            |       |       |    16 ||    16
         Potion            |       |       |     4 ||     4
   Stab: Paralysed         |       |     1 |       ||     1
 Armour: Scale mail        |    33 |   103 |     3 ||   139
         Ring mail         |       |       |   158 ||   158
  Dodge: Dodged            |    31 |    85 |   164 ||   280
  Block: Buckler           |    19 |    44 |    81 ||   144
